Map: Alcyone LE

Players

GhostRogue - Winner!

  • Race: Zerg Zerg
  • League: Diamond
  • Spawn Location: 7:00

Misaki

  • Race: Terran Terran
  • League: Diamond
  • Spawn Location: 1:00

VOD

Have the link to the VOD?

Description

Time

  • Played on: Oct. 10, 2024, 8:45 a.m.
  • Length: 24:14
Show
View Real Time Build Order
Export as new Build Order

GhostRogue Zerg - Winner!

Build Orders: Hatch First 

Get SALT Encoding   

  12  0:00  Drone  
  13  0:12  Overlord  
  13  0:17  Drone  
  14  0:31  Drone x2  
  16  0:50  Hatchery  
  16  0:52  Drone  
  16  0:55  Drone  
  17  1:01  Extractor  
  16  1:12  Spawning Pool  
  16  1:15  Drone  
  16  1:18  Drone  
  17  1:22  Drone  
  18  1:28  Drone  
  19  1:40  Drone  
  20  1:59  Queen  
  22  2:03  Queen  
  22  2:06  Metabolic Boost  
  22  2:08  Zergling x4  
  26  2:13  Overlord  
  26  2:24  Zergling x4  
  26  2:28  Spore Crawler  
  27  2:36  Zergling x8  
  31  2:48  Zergling x4  
  32  2:54  Overlord  
  32  3:03  Drone  
  33  3:15  Drone x2  
  33  3:18  Queen  
  33  3:19  Hatchery  
  35  3:36  Drone x4  
  35  3:37  Drone x3  
  39  3:43  Drone  
  40  3:49  Drone  
  40  3:50  Drone x3  
  42  4:00  Drone x2  
  42  4:01  Drone x2  
  44  4:09  Overlord x2  
  43  4:15  Extractor  
  43  4:16  Extractor  
  41  4:18  Extractor  
  41  4:21  Zergling x2  
  41  4:22  Zergling x2  
  42  4:28  Zergling x2  
  42  4:29  Zergling x2  
  44  4:49  Drone x2  
  44  4:50  Drone x4  
  50  5:05  Zergling x2  
  50  5:06  Zergling x14  
  58  5:08  Queen x2  
  58  5:09  Queen  
  63  5:29  Evolution Chamber  
  63  5:31  Evolution Chamber  
  63  5:32  Baneling Nest  
  58  5:35  Drone  
  58  5:36  Drone x6  
  58  5:37  Drone  
  58  5:39  Overlord x2  
  58  5:57  Spore Crawler  
  58  5:59  Zerg Melee Weapons Level 1, Zerg Ground Armor Level 1  
  56  6:07  Spore Crawler  
  55  6:11  Spore Crawler  
  55  6:17  Drone x5  
  55  6:18  Drone  
  60  6:24  Zergling x14  
  67  6:35  Lair, Pneumatized Carapace  
  67  6:42  Queen  
  67  6:45  Zergling x18  
  78  6:58  Spore Crawler  
  78  7:00  Spore Crawler  
  76  7:09  Overlord  
  76  7:10  Overlord x3  
  76  7:13  Drone x4  
  80  7:18  Spore Crawler  
  80  7:19  Drone x3  
  80  7:20  Spore Crawler  
  81  7:24  Overlord x2  
  81  7:35  Drone  
  82  7:39  Infestation Pit  
  82  7:41  Drone  
  82  7:51  Centrifugal Hooks  
  82  7:55  Extractor  
  82  7:56  Drone x3  
  82  7:57  Extractor, Drone x3  
  82  7:58  Hatchery  
  86  8:10  Hatchery  
  85  8:24  Baneling  
  85  8:25  Baneling x14  
  85  8:26  Baneling x17  
  85  8:30  Zerg Melee Weapons Level 2, Zerg Ground Armor Level 2  
  85  8:33  Hive  
  85  8:36  Drone x2  
  85  8:37  Drone x2  
  89  8:45  Overseer  
  89  8:46  Overseer  
  88  9:09  Zergling x24  
  101  9:10  Zergling x22  
  108  9:17  Hydralisk Den  
  108  9:21  Drone  
  108  9:22  Drone x5  
  113  9:40  Spore Crawler  
  113  9:42  Spore Crawler  
  113  9:44  Drone x5  
  113  9:45  Drone x8  
  124  9:50  Overlord x2  
  124  9:52  Muscular Augments  
  120  10:14  Spore Crawler  
  120  10:15  Spore Crawler x2  
  120  10:16  Hydralisk x8  
  133  10:24  Adrenal Glands  
  133  10:29  Ultralisk Cavern  
  132  10:42  Extractor, Drone x2  
  133  10:43  Extractor  
  133  10:47  Zerg Missile Weapons Level 1  
  132  10:50  Overlord  
  132  10:51  Overlord x6  
  132  10:52  Overlord x3  
  132  10:56  Grooved Spines  
  117  11:16  Zergling x2  
  117  11:17  Zergling x32  
  117  11:18  Zergling x8  
  108  11:27  Chitinous Plating  
  108  11:29  Ultralisk x2  
  120  11:38  Baneling x16  
  120  11:39  Baneling x15  
  100  12:03  Zergling x24  
  100  12:04  Zergling x8  
  111  12:12  Ultralisk  
  117  12:23  Ultralisk x2  
  129  12:35  Zerg Ground Armor Level 3  
  129  12:36  Hatchery  
  128  12:41  Zerg Melee Weapons Level 3  
  128  12:46  Anabolic Synthesis  
  128  12:55  Ultralisk x2  
  133  13:10  Ultralisk  
  133  13:11  Hatchery  
  138  13:37  Ultralisk x3  
  156  13:45  Hatchery  
  156  13:47  Ultralisk  
  153  14:01  Ultralisk x2  
  147  14:16  Hydralisk  
  147  14:17  Hydralisk x7  
  163  14:33  Drone  
  140  14:45  Ultralisk  
  140  14:46  Ultralisk x2  
  146  15:15  Zergling x2  
  146  15:16  Zergling x34  
  164  15:25  Unknown  
  163  15:33  Overseer x4  
  163  15:39  Ultralisk  
  163  15:40  Ultralisk x3  
  163  15:42  Ultralisk  
  135  16:26  Ultralisk x5  
  135  16:29  Ultralisk x2  
  138  16:55  Ultralisk x3  
  141  17:07  Spire  
  132  17:30  Hydralisk  
  132  17:31  Hydralisk x12  
  132  17:34  Hydralisk  
  160  17:39  Overseer x3  
  160  17:41  Overseer x2  
  157  18:04  Overlord x3  
  157  18:21  Corruptor  
  157  18:22  Corruptor x3  
  157  18:24  Zerg Flyer Weapons Level 1  
  165  18:27  Zerg Missile Weapons Level 2  
  165  18:30  Hatchery  
  164  18:44  Hatchery  
  164  18:47  Corruptor x2  
  167  19:00  Extractor x2  
  119  19:20  Ultralisk x3  
  115  19:44  Ultralisk x2  
  115  20:15  Ultralisk x2  
  115  20:19  Drone  
  115  20:20  Drone x2  
  130  20:36  Hatchery  
  129  20:43  Ultralisk  
  135  20:53  Ultralisk  
  135  20:56  Ultralisk  
  146  21:03  Corruptor  
  148  21:04  Corruptor  
  150  21:23  Ultralisk  
  150  21:24  Ultralisk  
  162  21:26  Extractor  
  162  21:28  Extractor  
  160  21:43  Corruptor x3  
  160  21:44  Corruptor  
  168  22:03  Ultralisk x2  
  168  22:08  Corruptor x2  
  142  22:38  Ultralisk  
  142  22:39  Ultralisk x2  
  154  22:58  Zergling x2  
  155  22:59  Zergling x32  
  155  23:00  Zergling x2  
  172  23:18  Corruptor  
  174  23:35  Corruptor x2  
  174  23:36  Overlord x4  
  174  23:39  Hatchery  
Show
View Real Time Build Order
Export as new Build Order

Misaki Terran 

Build Orders: Reaper Expand, Hellion Banshee 

Get SALT Encoding   

  12  0:00  SCV  
  13  0:12  SCV  
  14  0:17  Supply Depot  
  14  0:24  SCV  
  15  0:39  SCV  
  15  0:40  Barracks  
  16  0:44  Refinery  
  16  0:51  SCV  
  17  1:03  SCV  
  18  1:15  SCV  
  19  1:28  Orbital Command, Reaper  
  20  1:39  Command Center  
  20  1:51  Supply Depot  
  20  1:53  SCV  
  21  2:00  Marine  
  22  2:05  SCV  
  23  2:08  Factory  
  23  2:17  SCV  
  23  2:21  Barracks Reactor  
  24  2:41  Command Center  
  24  2:52  Orbital Command  
  24  2:59  Starport  
  24  3:07  Hellion x2  
  28  3:13  SCV, Refinery  
  28  3:16  Barracks Tech Lab  
  28  3:31  Hellion x2  
  23  3:44  Marine  
  15  4:01  SCV  
  13  4:16  SCV x2  
  15  4:17  Orbital Command  
  15  4:30  SCV  
  16  4:42  SCV  
  16  4:43  SCV x2  
  16  4:44  Banshee  
  24  4:46  Hellion  
  24  4:52  Hellion  
  26  4:54  SCV  
  26  4:56  SCV x2  
  29  5:05  Supply Depot  
  29  5:08  SCV x2  
  35  5:14  Hellion x2  
  35  5:18  Barracks Tech Lab  
  35  5:19  SCV  
  37  5:21  SCV  
  31  5:42  Supply Depot  
  31  5:43  SCV x2  
  31  5:44  SCV  
  31  5:45  Banshee  
  31  5:47  Hellion x2  
  34  6:07  SCV x2  
  36  6:12  Barracks  
  36  6:13  Barracks  
  36  6:18  SCV  
  36  6:19  SCV  
  36  6:20  SCV  
  36  6:21  Factory Reactor  
  39  6:27  Engineering Bay  
  39  6:31  SCV x2, Engineering Bay  
  41  6:38  SCV  
  42  6:43  SCV  
  42  6:44  SCV  
  42  6:45  Stimpack  
  42  6:46  Marine  
  45  6:50  SCV  
  46  6:55  SCV  
  46  6:56  SCV  
  46  7:00  Terran Infantry Armor Level 1, Terran Infantry Weapons Level 1  
  48  7:04  Marine  
  49  7:12  Barracks Reactor  
  49  7:18  Barracks  
  49  7:20  Barracks, SCV x3  
  52  7:23  Refinery x2  
  52  7:27  Marine x2  
  52  7:28  Marine  
  55  7:32  SCV x2  
  55  7:34  Orbital Command  
  55  7:35  Supply Depot  
  55  7:36  Supply Depot  
  57  7:45  Marine x2, Supply Depot  
  57  7:46  Marine  
  57  7:48  Medivac x2  
  57  7:49  Marine x2  
  66  7:55  SCV  
  66  7:56  SCV  
  68  8:02  Marine  
  68  8:03  Marine  
  68  8:05  SCV  
  71  8:07  Barracks Reactor x2  
  71  8:08  Marine x3, SCV x2  
  76  8:14  Armory  
  76  8:17  SCV  
  77  8:20  Marine, SCV x2  
  77  8:21  Marine  
  77  8:25  Marine x2  
  77  8:26  Marine  
  84  8:29  SCV  
  84  8:32  SCV x2  
  87  8:35  Supply Depot x2, Siege Tank  
  87  8:38  Marine x2  
  92  8:47  Marine x4  
  92  8:48  Marine, Combat Shield  
  97  8:49  Marine x2  
  97  8:52  SCV  
  97  8:53  SCV  
  101  8:56  SCV  
  102  9:09  Marine x3, SCV x2, Terran Infantry Weapons Level 2  
  107  9:21  SCV x2  
  107  9:23  Refinery x2  
  109  9:26  Marine, Supply Depot  
  109  9:27  Marine x3  
  109  9:29  Command Center  
  113  9:32  Terran Infantry Armor Level 2  
  113  9:35  Siege Tank  
  117  9:45  SCV  
  117  9:47  SCV  
  117  9:49  Supply Depot  
  117  9:50  Supply Depot  
  117  9:51  Sensor Tower, SCV  
  119  9:57  SCV  
  119  9:59  SCV  
  120  10:12  Siege Tank  
  120  10:13  Marine x4, Marauder  
  120  10:14  Marine x2  
  131  10:21  Marine  
  131  10:24  Supply Depot  
  132  10:28  Marine  
  132  10:31  Marine  
  132  10:34  Marauder  
  136  10:37  SCV x2  
  136  10:42  Barracks  
  138  10:43  Barracks  
  138  10:44  Barracks  
  138  10:56  Marauder  
  140  10:59  Marine x2  
  137  11:17  Marauder  
  114  11:21  SCV x2  
  114  11:22  SCV  
  115  11:30  Barracks  
  115  11:31  Barracks  
  115  11:33  Marine x3, SCV  
  115  11:34  SCV  
  115  11:39  Marauder  
  122  11:40  Marine x4  
  122  11:42  Medivac x2  
  122  11:43  Siege Tank  
  130  12:00  Marauder  
  110  12:04  Marine x8  
  110  12:08  SCV x3  
  117  12:15  Siege Tank  
  117  12:21  Marine, Marauder  
  117  12:22  Marine x2  
  125  12:23  Barracks Tech Lab x2  
  125  12:31  Barracks Tech Lab  
  125  12:36  Marine x2  
  125  12:37  Marine  
  127  12:39  Ghost Academy  
  127  12:43  Marauder  
  130  12:47  Marine, Marauder x2  
  130  12:48  Siege Tank  
  138  12:51  Factory  
  138  13:04  Marauder  
  140  13:08  Sensor Tower, Marauder x2, Planetary Fortress  
  140  13:10  SCV x3  
  140  13:11  Marine x4, Marauder  
  140  13:12  Marine  
  154  13:13  Medivac x2  
  154  13:18  Sensor Tower  
  158  13:22  SCV  
  158  13:24  Marine x3  
  158  13:25  Marauder  
  164  13:31  Supply Depot  
  164  13:32  Supply Depot  
  164  13:47  SCV  
  164  13:48  Marauder x2  
  164  13:50  SCV  
  164  13:53  Marine, Siege Tank, Marauder x2  
  164  13:55  Supply Depot  
  170  13:58  Terran Infantry Armor Level 3, Terran Infantry Weapons Level 3  
  170  14:02  Medivac x2  
  174  14:08  Ghost  
  174  14:09  Ghost  
  175  14:13  Marine x2, Ghost  
  175  14:14  Ghost  
  173  14:19  Refinery  
  173  14:20  Refinery  
  173  14:22  Factory Tech Lab  
  173  14:25  Terran Vehicle Weapons Level 1  
  173  14:28  Marine x2  
  173  14:29  Siege Tank  
  178  14:37  Ghost x2  
  182  14:42  Marauder  
  182  14:43  Marauder  
  124  15:04  Marauder x2  
  124  15:06  Marauder  
  130  15:07  Marauder  
  130  15:08  Siege Tank x2  
  130  15:10  Liberator x2  
  130  15:11  Marine x2  
  130  15:13  Personal Cloaking  
  144  15:15  Fusion Core  
  144  15:19  Marine x5  
  144  15:20  Marine  
  150  15:25  Marauder  
  150  15:26  Marauder  
  150  15:27  Ghost x2  
  158  15:29  Marine x2  
  160  15:38  Marine x2  
  160  15:39  Marine x3  
  160  15:40  Siege Tank  
  168  15:47  Marauder x2  
  168  15:49  Siege Tank  
  175  15:56  Marauder  
  175  15:57  Marauder  
  179  16:00  Marine x3  
  179  16:01  Marine  
  181  16:08  Marauder  
  181  16:09  Marauder  
  183  16:12  Siege Tank  
  183  16:17  Marauder  
  158  16:29  Marauder  
  137  16:39  Orbital Command  
  117  16:51  Marauder  
  103  17:03  Marine x3  
  103  17:04  Marine x3  
  103  17:05  Liberator  
  103  17:30  Supply Depot  
  103  17:31  Marine x2, Supply Depot  
  103  17:32  SCV x2, Supply Depot, Marauder  
  109  17:51  Marine x3, SCV x2, Liberator  
  109  17:52  Marine, SCV  
  109  17:53  Marauder  
  109  17:54  Supply Depot  
  109  17:56  Supply Depot  
  109  17:57  Command Center, Siege Tank  
  124  17:59  Terran Vehicle And Ship Armor Level 1  
  124  18:03  Command Center  
  124  18:04  SCV x3  
  127  18:12  Barracks, Barracks Tech Lab  
  127  18:15  Barracks, Barracks Reactor, Marauder  
  127  18:16  SCV, Siege Tank  
  133  18:35  Marine x4, Marauder  
  133  18:36  Marauder, Fusion Core  
  141  18:53  Marine  
  142  18:56  Marauder  
  142  18:58  Marauder  
  122  19:20  Marine  
  122  19:21  Marine, Marauder x2  
  122  19:23  Marine  
  128  19:25  Marine  
  128  19:26  Marine x2  
  128  19:27  Liberator, Siege Tank x2  
  122  19:38  Marine  
  122  19:42  Marauder x2  
  102  19:49  Marine x5  
  104  19:56  Marine  
  103  20:03  Marauder  
  103  20:04  Marauder  
  107  20:07  Refinery x2  
  107  20:08  Barracks Tech Lab x2, Caduceus Reactor  
  107  20:09  Marine  
  107  20:10  Siege Tank  
  111  20:23  Marine  
  111  20:25  Marauder x2  
  111  20:26  Marine  
  117  20:31  Marauder  
  119  20:42  Marine  
  119  20:43  Marine x2, Marauder  
  119  20:46  Marauder x2  
  128  20:56  Liberator  
  128  20:57  Liberator  
  131  21:02  Planetary Fortress  
  134  21:04  SCV x2  
  134  21:05  Advanced Ballistics  
  136  21:23  Unknown  
  139  21:25  Siege Tank  
  139  21:29  Marine x2  
  141  21:39  Medivac x2  
  143  21:44  Sensor Tower  
  145  21:48  Planetary Fortress  
  145  22:12  Marauder x2  
  145  22:13  Marine x2, Marauder  
  79  22:44  Ghost Academy  
  79  22:50  Liberator x2  
  75  23:24  Command Center  
  75  23:32  Ghost x4  
  75  23:34  Marine x2, Siege Tank  
  81  23:35  Siege Tank  
  81  23:36  Medivac x2  
  99  24:04  Sensor Tower  
Tags
 
Add a new tag
Caveats
  • Supply blocks, unpowered buildings, or Contaminate may cause inaccurate times.
  • Supply counts are checked every 10 seconds.